 Dungeon Crawl Stone Soup version 0.26-a0-597-gb535b0901c (webtiles) character file.

Game seed: 13802996124774216286

147 Alarkh the Insei (level 5, 0/42 HPs)
             Began as a Demonspawn Monk on Sept 3, 2020.
             Slain by Grinder (6 damage)
             ... on level 3 of the Dungeon.
             The game lasted 00:02:54 (2361 turns).

Alarkh the Insei (Demonspawn Monk)                  Turns: 2361, Time: 00:02:55

Health: 0/42       AC:  3    Str: 18    XL:     5   Next: 7%
Magic:  5/5        EV: 13    Int: 12    God:
Gold:   103        SH:  0    Dex: 15    Spells: 4/4 levels left

rFire    . . .     SeeInvis .     - Unarmed
rCold    . . .     Faith    .   (no shield)
rNeg     . . .     Spirit   .   a - +0 robe
rPois    .         Reflect  .   (no helmet)
rElec    .         Harm     .   g - scarf {repulsion}
rCorr    .                      k - +0 pair of gloves
MR       .....                  (no boots)
Stlth    ++........             (no amulet)
HPRegen  0.14/turn              o - +6 ring of strength
MPRegen  0.09/turn              (no ring)

@: brilliant, about to teleport, repel missiles
A: powered by death 1
a: no special abilities


You were on level 3 of the Dungeon.
You visited 1 branch of the dungeon, and saw 3 of its levels.

You collected 103 gold pieces.

Inventory:

Armour
 a - a +0 robe (worn)
 g - a scarf of repulsion (worn)
 k - a +0 pair of gloves (worn)
Jewellery
 o - a +6 ring of strength (left hand)
Scrolls
 b - 2 scrolls of teleportation
 c - 5 scrolls of remove curse
 f - a scroll of random uselessness {unknown}
 j - a scroll of identify {unknown}
 l - a scroll of amnesia {unknown}
Potions
 d - a potion of heal wounds {unknown}
 e - a potion of cancellation {unknown}
 h - a potion of brilliance
 i - a potion of resistance {unknown}
 n - a potion of flight {unknown}
 p - a potion of berserk rage {unknown}
 q - a potion of might {unknown}
 r - a potion of ambrosia {unknown}


   Skills:
 + Level 4.1 Fighting
 - Level 2.6 Dodging
 - Level 1.7 Stealth
 * Level 4.6 Unarmed Combat


You had 4 spell levels left.
You didn't know any spells.
Your spell library was empty.

Dungeon Overview and Level Annotations

Branches:
Dungeon (3/15)

Altars:
Ashenzari
Fedhas
Zin

Annotations:
D:3 Grinder


Innate Abilities, Weirdness & Mutations

You regenerate a little health from kills.


Message History

Grinder is nearby!
It was a potion of brilliance.
You feel clever all of a sudden. Grinder hits you!
* * * LOW HITPOINT WARNING * * *
It was a potion of curing.
You feel better. Grinder hits you.
* * * LOW HITPOINT WARNING * * *
You writhe in agony.
* * * LOW HITPOINT WARNING * * *
Grinder blinks!
Grinder blinks!
There is a stone staircase leading up here.
You feel better. Grinder completely misses you.
As you read the scroll of teleportation, it crumbles to dust.
You feel strangely unstable. Grinder closely misses you.
Grinder blinks!
Grinder hits you!
* * * LOW HITPOINT WARNING * * *
You writhe in agony.
You die...

#.# #.# #.# #.#
######### #.# #.#
###........ #.# #.#
#5@........ #.# #.#
#.#.###### #.# #.#
#.#.##### #.#
##.###.<.....# #.#
##...##...###.#
#.#######.#.#.#..!###.
..................S....
#.#######[#.#.#†.####..
#.# ##...##..#


You could see Grinder and a ball python (wandering).

Vanquished Creatures
  An orc wizard (D:3)
  An adder (D:2)
  An ooze (D:1)
  A worm (D:2)
  2 dart slugs
  6 leopard geckos
  3 orcs (D:3)
  4 giant cockroaches
  5 goblins
  8 hobgoblins
  18 jackals
  3 ball pythons
  6 bats
  5 frilled lizards
  A jackal skeleton (D:2)
  12 kobolds
  10 rats
87 creatures vanquished.

Notes
Turn   | Place    | Note
-------+----------+-------------------------------------------
     0 | D:1      | Alarkh the Demonspawn Monk began the quest for the Orb.
     0 | D:1      | Reached XP level 1. HP: 18/18 MP: 1/1
    46 | D:1      | Gained mutation: You regenerate a little health from kills.
                  | [demonic ancestry]
    46 | D:1      | Reached XP level 2. HP: 8/24 MP: 2/2
   475 | D:1      | Reached XP level 3. HP: 28/29 MP: 3/3
   971 | D:2      | Found a shattered altar of Ashenzari.
  1178 | D:2      | Reached XP level 4. HP: 23/37 MP: 4/4
  2139 | D:3      | Found a glowing silver altar of Zin.
  2139 | D:3      | Found a blossoming altar of Fedhas.
  2228 | D:3      | Reached XP level 5. HP: 40/42 MP: 5/5
  2336 | D:3      | Noticed Grinder
  2361 | D:3      | Slain by Grinder

Illustrated notes

Levels and vault maps discovered:
D:1:      lightli_arrival_maybe_door_vault, layout_basic,
          chequers_serial_rivers_room_a, chequers_serial_rivers_room_b
D:2:      layout_basic, nicolae_overflow_crystal_walls, kennysheep_cross_room
D:3:      layout_loops_ring, tgw_trog, marbit_many_paths,
          gammafunk_temple_overflow_wave, uniq_grinder

Skill      XL: |  1  2  3  4 |
---------------+-------------+-----
Unarmed Combat | 3 4 |  4.6
Fighting       | 4 |  4.1
Dodging        | |  2.6
Stealth        | |  1.7

Action                   |  1- 3 |  4- 6 || total
-------------------------+-------+-------++-------
Melee: Unarmed           |   178 |   186 ||   364
       Punch             |     3 |     1 ||     4
  Use: Scroll            |     1 |     2 ||     3
       Potion            |       |     3 ||     3
 Stab: Sleeping          |     5 |     4 ||     9
       Distracted        |     1 |       ||     1
Armor: Robe              |    30 |    49 ||    79
Dodge: Dodged            |   159 |   145 ||   304

Table legend: (Time is in decaauts)
 A = Elapsed time spent in this place.
 B = Non-inter-level travel time spent in this place.
 C = Inter-level travel time spent in this place.
 D = Time resting spent in this place.
 E = Time spent auto-exploring this place.
 F = Levels seen in this place.
 G = Mean time per level.
                   A        B        C        D        E       F      G
               +--------+--------+--------+--------+--------+-----+--------+
         Total |   2338 |   2271 |     67 |    121 |   1515 |   3 |  779.3 |
       Dungeon |   2338 |   2271 |     67 |    121 |   1515 |   3 |  779.3 |
               +--------+--------+--------+--------+--------+-----+--------+

Top non-repeatable levels by time:
     D:2: 981 daAuts
     D:1: 952 daAuts
     D:3: 404 daAuts
